 Dungeon Crawl Stone Soup version 0.20-a0-548-g4f8a798 (webtiles) character file.

12224 KristoblXynda the Destroyer (level 11, -4/82 HPs)
             Began as a Grey Draconian Monk on Feb 1, 2017.
             Was an Elder of Vehumet.
             Slain by a hornet (7 damage)
             ... on level 11 of the Dungeon.
             The game lasted 00:33:09 (10562 turns).

KristoblXynda the Destroyer (Grey Draconian Monk)  Turns: 10562, Time: 00:33:11

Health: -4/82      AC: 18    Str: 14    XL:     11   Next: 59%
Magic:  21/21      EV: 17    Int: 18    God:    Vehumet [****..]
Gold:   315        SH:  0    Dex: 14    Spells: 9/24 levels left

rFire    . . .     SeeInvis .   D - +2 whip (flame)
rCold    . . .     Gourm    .   (armour unavailable)
rNeg     . . .     Faith    .   (no shield)
rPois    .         Spirit   .   (helmet restricted)
rElec    .         Reflect  .   p - +4 cloak of Onwaruot {Int+2}
rCorr    .         Harm     .   k - +0 pair of gloves
MR       +....     Clarity  +   (no boots)
Stlth    ++++......             (no amulet)
Regen    0.3/turn               h - +3 ring of intelligence
                                B - ring of protection from magic

@: lethally poisoned (-4 -> -21), slowed, very slow
A: walk through water, unfitting armour, clarity, unbreathing, cold-blooded, AC
+12
a: Renounce Religion


You were on level 11 of the Dungeon.
You worshipped Vehumet.
Vehumet was greatly pleased with you.
You were not hungry.

You visited 2 branches of the dungeon, and saw 12 of its levels.

You collected 515 gold pieces.
You spent 200 gold pieces at shops.

Inventory:

Hand Weapons
 l - a +3 short sword of venom
 D - a +2 whip of flaming (weapon)
Armour
 k - a +0 pair of gloves (worn)
 p - the +4 cloak of Onwaruot (worn) {Int+2}
   (You found it on level 5 of the Dungeon)

   It affects your intelligence (+2).
Jewellery
 b - a +3 ring of evasion
 h - a +3 ring of intelligence (right hand)
 i - an uncursed ring of stealth
 B - a ring of protection from magic (left hand)
Wands
 E - a wand of paralysis (10/24)
 F - a wand of acid (0/15)
Scrolls
 e - 6 scrolls of remove curse
 q - a scroll of fear
 y - a scroll of recharging
 C - a scroll of fog
Potions
 c - 2 potions of haste
 d - a potion of ambrosia
 g - 3 potions of flight
 n - a potion of experience {unknown}
 o - a potion of might
 s - a potion of brilliance
 A - a potion of mutation {unknown}
Books
 r - a book of Flames

   Spells                             Type                      Level
   a - Flame Tongue                   Conjuration/Fire             1
   b - Throw Flame                    Conjuration/Fire             2
   c - Conjure Flame                  Conjuration/Fire             3
   d - Inner Flame                    Hexes/Fire                   3
   e - Sticky Flame                   Conjuration/Fire             4
   f - Fireball                       Conjuration/Fire             5
 u - a book of Geomancy

   Spells                             Type                      Level
   a - Sandblast                      Earth                        1
   b - Passwall                       Transmutation/Earth          2
   c - Stone Arrow                    Conjuration/Earth            3
   d - Petrify                        Transmutation/Earth          4
   e - Lee's Rapid Deconstruction     Earth                        5
 w - a book of Minor Magic

   Spells                             Type                      Level
   a - Magic Dart                     Conjuration                  1
   b - Blink                          Translocation                2
   c - Call Imp                       Summoning                    2
   d - Repel Missiles                 Charms/Air                   2
   e - Slow                           Hexes                        2
   f - Conjure Flame                  Conjuration/Fire             3
   g - Mephitic Cloud                 Conjuration/Poison/Air       3
 x - a book of Debilitation

   Spells                             Type                      Level
   a - Corona                         Hexes                        1
   b - Slow                           Hexes                        2
   c - Gell's Gravitas                Hexes/Translocation          3
   d - Inner Flame                    Hexes/Fire                   3
   e - Cause Fear                     Hexes                        4
   f - Leda's Liquefaction            Hexes/Earth                  4
 G - a book of Power

   Spells                             Type                      Level
   a - Fulminant Prism                Conjuration/Hexes            4
   b - Iskenderun's Mystic Blast      Conjuration                  4
   c - Venom Bolt                     Conjuration/Poison           5
   d - Bolt of Magma                  Conjuration/Fire/Earth       5
   e - Iron Shot                      Conjuration/Earth            6
   f - Orb of Destruction             Conjuration                  7
   g - Spellforged Servitor           Conjuration/Summoning        7
Miscellaneous
 m - a fan of gales
Comestibles
 a - 8 bread rations
 j - 6 royal jellies
 t - 4 meat rations
 H - a fruit


   Skills:
 - Level 3.2 Fighting
 - Level 5.5 Short Blades
 + Level 3.6 Maces & Flails
 - Level 8.0 Dodging
 + Level 7.4 Stealth
 - Level 5.4 Unarmed Combat
 - Level 7.0 Spellcasting
 + Level 8.5 Conjurations
 - Level 2.0 Fire Magic
 - Level 5.0 Evocations


You had 9 spell levels left.
You knew the following spells:

 Your Spells              Type           Power        Failure   Level  Hunger
a - Repel Missiles        Chrm/Air       #.....       17%         2    None
b - Conjure Flame         Conj/Fire      ####....     1%          3    ##.....
c - Ignite Poison         Fire/Tmut/Pois #.......     9%          3    ##.....
d - Mephitic Cloud        Conj/Pois/Air  ###.....     3%          3    ##.....
e - Petrify               Tmut/Erth      #.......     93%         4    ####...


Dungeon Overview and Level Annotations

Branches:
Dungeon (11/15)            Temple (1/1) D:4            Lair (0/6) D:9
    Orc: D:9-12

Altars:
Ashenzari
Cheibriados
Dithmenos
Elyvilon
Fedhas
Gozag
Hepliaklqana
Kikubaaqudgha
Makhleb
Nemelex Xobeh
Okawaru
Qazlal
Ru
Sif Muna
Trog
Uskayaw
Vehumet
Xom
Yredelemnul
Zin
The Shining One

Shops:
D:7 :

Portals:
Ice
Cave: D:11


Innate Abilities, Weirdness & Mutations

You can walk through water.
Your dull iron-grey scales are very hard. (AC +12)
You cannot fit into any form of body armour.
You can survive without breathing.
You are cold-blooded and may be slowed by cold attacks.
You possess an exceptional clarity of mind.


Message History

You feel less invigorated.
You feel less confused.
You feel sick. The hornet stings you!
* * * LOW HITPOINT WARNING * * *
You feel as though you will be slow longer.
The hornet closely misses you. The hornet stings you!
* * * LOW HITPOINT WARNING * * *
You are more poisoned.
You feel as though you will be slow longer.
Evoke which item? (* to show all) (? for menu, Esc to quit)
Aiming: Paralyse
Press: ? - help, Shift-Dir - straight line, f - hornet
Aim: a hornet (almost dead, chance to defeat MR: 51%)
The hornet resists with significant effort.
This wand has 10 charges left.
* * * LOW HITPOINT WARNING * * *
You feel very sick.
The hornet stings you but does no damage.
The hornet stings you!
You die...

.#.#.#)[[#.#.#(#.#
.....#
#)#)#.#(##.#.#.#?#
!....#
#.#.#.##...#.#.#†##
....# #.#.#..
####.#.#.[##.....#
#.#.####
..#.#5)...... #.#..
###.#C###)o). #.###
..#o# ... #..
########y# .. ###
........@# . .
?....(...# ..
########## ###


You could see a cyclops, a hornet, an orc warrior and a crimson imp.

Vanquished Creatures
  An ogre mage (D:11)
  6 two-headed ogres (D:9)
  A troll (D:10)
  3 wraiths (D:10)
  A wyvern (D:7)
  A human (D:9)
  A vampire (D:11)
  8 yaks
  Eustachio (D:5)
  3 hogs (D:9)
  Edmund (D:4)
  2 water moccasins
  2 phantoms
  6 ice beasts
  2 sky beasts
  An eye of draining (D:11)
  3 ogres
  9 centaurs
  2 big kobolds
  4 bullfrogs
  A wyvern skeleton (D:9)
  3 scorpions
  A wight (D:9)
  9 howler monkeys
  An electric eel (D:9)
  5 crimson imps
  2 quasits
  2 jellies (D:6)
  2 bullfrog zombies
  6 hounds
  4 orc wizards
  3 centaur skeletons
  3 bullfrog skeletons
  3 orc priests
  9 worker ants
  3 iguanas
  A hound zombie (D:9)
  A hound skeleton (D:7)
  Robin (D:3)
  8 gnolls
  8 adders
  4 shadow imps
  6 white imps (D:11)
  2 adder zombies (D:8)
  An adder skeleton (D:6)
  2 worms
  4 leopard geckos
  21 orcs
  2 ball pythons
  5 bats
  7 giant cockroaches
  17 goblins
  9 hobgoblins
  4 jackals
  5 quokkas
  4 frilled lizards
  9 kobolds
  A quokka skeleton (D:5)
  7 rats
244 creatures vanquished.

Notes
Turn   | Place    | Note
-------+----------+-------------------------------------------
     0 | D:1      | KristoblXynda the Draconian Monk began the quest for the Orb.
     0 | D:1      | Reached XP level 1. HP: 19/19 MP: 1/1
   177 | D:1      | Reached XP level 2. HP: 26/26 MP: 2/2
   666 | D:2      | Reached XP level 3. HP: 22/31 MP: 3/3
  1316 | D:3      | Gained mutation: You possess an exceptional clarity of mind. [potion of beneficial mutation]
  1459 | D:3      | Reached XP level 4. HP: 21/38 MP: 4/4
  2222 | D:4      | Reached XP level 5. HP: 17/45 MP: 5/5
  2503 | D:4      | Noticed a phantom
  2512 | D:4      | Noticed Edmund
  2530 | D:4      | Killed Edmund
  2530 | D:4      | Reached XP level 6. HP: 33/51 MP: 6/6
  3051 | D:4      | Reached skill level 5 in Unarmed Combat
  3474 | D:3      | Noticed Robin
  3498 | D:3      | Killed Robin
  3798 | D:4      | Your scales start taking on a dull iron-grey colour.
  3798 | D:4      | Reached XP level 7. HP: 57/57 MP: 7/7
  3798 | D:4      | Gained mutation: You can survive without breathing. [Grey Draconian growth]
  3975 | D:4      | Found a staircase to the Ecumenical Temple.
  3984 | Temple   | Entered the Ecumenical Temple
  4090 | Temple   | Became a worshipper of Vehumet
  4090 | Temple   | Reached * piety under Vehumet
  4090 | Temple   | Offered knowledge of Sting by Vehumet.
  4090 | Temple   | Reached ** piety under Vehumet
  4361 | D:5      | Entered Level 5 of the Dungeon
  4362 | D:5      | Offered knowledge of Searing Ray by Vehumet.
  4366 | D:5      | Learned a level 2 spell: Searing Ray
  4387 | D:5      | Reached skill level 5 in Dodging
  4470 | D:5      | Found a glowing golden altar of the Shining One.
  4540 | D:5      | Found a basalt altar of Yredelemnul.
  4542 | D:5      | Noticed a profane servitor
  4623 | D:5      | Got an encrusted cloak
  4634 | D:5      | Identified the +4 cloak of Onwaruot {Int+2} (You found it on level 5 of the Dungeon)
  4663 | D:5      | Reached skill level 5 in Stealth
  4769 | D:5      | Noticed Eustachio
  4785 | D:5      | Killed Eustachio
  4785 | D:5      | Reached skill level 1 in Short Blades
  4785 | D:5      | Reached skill level 1 in Conjurations
  5063 | D:5      | Reached XP level 8. HP: 63/63 MP: 8/8
  5368 | D:6      | Found a hide-covered altar of Uskayaw.
  5369 | D:6      | Found a bloodstained altar of Trog.
  5369 | D:6      | Found a shadowy altar of Dithmenos.
  5459 | D:6      | Learned a level 3 spell: Conjure Flame
  6020 | D:7      | Found Quxoq's Book Boutique.
  6036 | D:7      | Bought a book of Minor Magic for 200 gold pieces
  6056 | D:7      | Offered knowledge of Static Discharge by Vehumet.
  6079 | D:7      | Found a hide-covered altar of Uskayaw.
  6089 | D:7      | Learned a level 2 spell: Repel Missiles
  6163 | D:7      | Reached skill level 1 in Spellcasting
  6267 | D:7      | Reached XP level 9. HP: 70/70 MP: 10/10
  6428 | D:7      | Reached skill level 5 in Short Blades
  6441 | D:7      | Reached *** piety under Vehumet
  7081 | D:8      | Found a sparkling altar of Nemelex Xobeh.
  7243 | D:8      | Offered knowledge of Ignite Poison by Vehumet.
  7256 | D:8      | Reached skill level 1 in Fire Magic
  7262 | D:8      | Learned a level 3 spell: Ignite Poison
  7266 | D:8      | Learned a level 3 spell: Mephitic Cloud
  7521 | D:8      | Reached skill level 1 in Evocations
  7746 | D:9      | Noticed a two-headed ogre
  7770 | D:9      | Killed a two-headed ogre
  7770 | D:9      | Reached skill level 5 in Conjurations
  7770 | D:9      | Reached XP level 10. HP: 46/77 MP: 14/16
  7903 | D:9      | Noticed a two-headed ogre
  7919 | D:9      | Killed a two-headed ogre
  7919 | D:9      | Reached skill level 5 in Spellcasting
  7998 | D:9      | Noticed a two-headed ogre
  7999 | D:9      | Noticed a two-headed ogre
  8012 | D:9      | Killed a two-headed ogre
  8012 | D:9      | Reached **** piety under Vehumet
  8017 | D:9      | Killed a two-headed ogre
  8045 | D:9      | Offered knowledge of Iskenderun's Battlesphere by Vehumet.
  8049 | D:9      | Reached skill level 5 in Evocations
  8358 | D:9      | Found a staircase to the Lair.
  8423 | D:9      | Noticed a two-headed ogre
  8438 | D:9      | Killed a two-headed ogre
  8738 | D:9      | Noticed a two-headed ogre
  8755 | D:9      | Killed a two-headed ogre
  8755 | D:9      | Reached XP level 11. HP: 78/82 MP: 16/21
  9386 | D:9      | Found a glowing silver altar of Zin.
  9386 | D:9      | Found an opulent altar of Gozag.
  9487 | D:10     | Entered Level 10 of the Dungeon
  9760 | D:10     | Reached skill level 1 in Maces & Flails
 10380 | D:11     | Learned a level 4 spell: Petrify
 10388 | D:11     | Noticed an ogre mage
 10393 | D:11     | Killed an ogre mage
 10480 | D:11     | Found a frozen archway.
 10550 | D:11     | Paralysed by a hornet for 1 turns
 10562 | D:11     | HP: 3/82 [poisoned by a hornet]
 10562 | D:11     | Slain by a hornet

Vault maps used:
D:1:      tarquinn_simple_flora_water_d
D:2:      minmay_nonomino_d4
D:3:      uniq_robin
D:4:      minmay_temple_entry_statues_pillars, first_bread, uniq_edmund
D:5:      grunt_temple_overflow_holy_war, serial_column_ruins,
          column_ruins_hut_ruined, column_ruins_columns_dead_end,
          column_ruins_grid_1, column_ruins_columns_dead_end,
          column_ruins_open_medium, column_ruins_grid_1, uniq_eustachio
D:6:      grunt_temple_overflow_open
D:7:      serial_shops, shop, lemuel_centaur_altar
D:8:      basic_altar
D:9:      minmay_opposing_rooms, grunt_temple_overflow_gold_and_silver,
          lair_entry_dummy, grunt_livestock
D:11:     minmay_distorted_concentric_squares, minmay_orc_entry_temple_small,
          portal_ice_cave_entry_imps, st_stairs_9
Temple:   nicolae_temple_great_sept

Skill      XL: |  1  2  3  4  5  6  7  8  9 10 11 |
---------------+----------------------------------+-----
Stealth        | 2 3 4 5 7 |  7.4
Dodging        | 3 4 5 7 8 |  8.0
Unarmed Combat | 4 5 |  5.4
Short Blades   | 2 4 5 |  5.5
Conjurations   | 2 4 5 7 8 |  8.5
Spellcasting   | 1 4 6 7 |  7.0
Fire Magic     | 2 |  2.0
Evocations     | 2 5 |  5.0
Maces & Flails | 3 |  3.6
Fighting       | |  3.2

Action                   |  1- 3 |  4- 6 |  7- 9 | 10-12 || total
-------------------------+-------+-------+-------+-------++-------
Melee: Unarmed           |   163 |   198 |       |       ||   361
       Tailslap          |    20 |    29 |    58 |    60 ||   167
       Punch             |     2 |     2 |    16 |    12 ||    32
       Short sword       |       |     4 |   391 |   298 ||   693
       Whip              |       |       |       |    84 ||    84
 Cast: Mephitic Cloud    |       |       |     1 |    21 ||    22
       Ignite Poison     |       |       |       |     5 ||     5
Evoke: Wand              |       |     8 |       |     8 ||    16
  Use: Scroll            |    10 |     2 |     7 |     4 ||    23
       Potion            |     2 |     2 |     2 |     4 ||    10
 Stab: Sleeping          |     6 |     3 |    19 |     7 ||    35
       Distracted        |       |     1 |       |       ||     1
       Confused          |       |       |       |     4 ||     4
  Eat: Meat ration       |     1 |     1 |       |     2 ||     4
       Chunk             |       |     2 |     5 |     1 ||     8
       Royal jelly       |       |       |     1 |     1 ||     2
       Bread ration      |       |       |     1 |       ||     1
Armor: Skin              |    45 |    44 |   118 |    96 ||   303
Dodge: Dodged            |   108 |   147 |   376 |   289 ||   920
